 Dungeon Crawl Stone Soup version 0.16.2-2-g470672f (webtiles) character file.

833 monobi the Sneak (level 7, 0/49 HPs)
             Began as an Octopode Monk on Sept 3, 2015.
             Slain by Edmund
             ... wielding a +0 dire flail
              (6 damage)
             ... on level 5 of the Dungeon.
             The game lasted 00:12:54 (5105 turns).

monobi the Sneak (Octopode Monk)                    Turns: 5105, Time: 00:12:54

Health: 0/49       AC:  1    Str: 10      XL:     7   Next: 98%
Magic:  7/7        EV: 14    Int: 13      God:
Gold:   240        SH:  0    Dex: 14 (16) Spells: 0 memorised, 6 levels left

rFire  . . .     SeeInvis .       - Unarmed
rCold  . . .     Clarity  .     (no shield)
rNeg   . . .     SustAb   .     (helmet restricted)
rPois  +         Gourm    .     (no amulet)
rElec  .         Spirit   .     j - ring of poison resistance
rCorr  .         Warding  .     (no ring)
rMut   .         Stasis   .     (no ring)
MR     .....                    (no ring)
Stlth  +++++.....               (no ring)
                                (no ring)
                                (no ring)
                                (no ring)

@: not resistant to hostile enchantments, quite stealthy
A: almost no armour, amphibious, 8 rings, constrict 8, camouflage 1, gelatinous
body 1
a: no special abilities


You were on level 5 of the Dungeon.
You were not hungry.

You visited 1 branch of the dungeon, and saw 5 of its levels.

You collected 240 gold pieces.

Inventory:

Armour
 p - a +1 pair of boots
Jewellery
 j - a ring of poison resistance (left tentacle)
 l - an uncursed amulet of resist mutation
Magical devices
 r - a wand of fireball (4)
Scrolls
 c - 5 scrolls of remove curse
 h - 2 scrolls of blinking
 i - 3 scrolls of identify
 m - 2 scrolls of immolation {unknown}
 s - a scroll of teleportation {unknown}
Potions
 d - a potion of cancellation
 e - a potion of mutation {unknown}
 f - a potion of berserk rage {unknown}
 k - a potion of lignification {unknown}
 n - a potion of poison {unknown}
 q - a potion of cure mutation {unknown}
Comestibles
 b - 5 bread rations
 g - 2 meat rations
 o - 17 fruits


   Skills:
 + Level 4.3 Fighting
 + Level 4.2 Dodging
 * Level 7.9 Stealth
 * Level 6.6 Unarmed Combat


You had 6 spell levels left.
You didn't know any spells.

Dungeon Overview and Level Annotations

Branches:
Dungeon (5/15)
 Temple: D:4-7

Altars:
Kikubaaqudgha
Qazlal

Shops:
D:4 !

Annotations:
D:5 Edmund


Innate Abilities, Weirdness & Mutations

You cannot wear most types of armour.
You are amphibious.
You can wear up to eight rings at the same time.
You can use your tentacles to constrict many enemies at once.
Your skin changes colour to match your surroundings (Stealth).
Your rubbery body absorbs attacks (AC +1).


Message History

Edmund is moderately wounded.
You constrict Edmund.
Edmund says, "I'm quite good with sums, too."
Edmund hits you with a dire flail.
* * * LOW HITPOINT WARNING * * *
Drink which item? (? for menu, Esc to quit)
Okay, then.
You tentacle-slap Edmund but do no damage.
Edmund is moderately wounded.
You constrict Edmund. Edmund hits you with a dire flail!
* * * LOW HITPOINT WARNING * * *
Drink which item? (? for menu, Esc to quit)
It was a potion of cancellation.
You feel magically purged.
You constrict Edmund. Edmund closely misses you.
Drink which item? (? for menu, Esc to quit)
It was a potion of degeneration.
There was something very wrong with that liquid.
You feel clumsy.
You constrict Edmund. Edmund hits you with a dire flail.
You die...

.# .# .# #####
#.#### #... .....
#####.####..####.#
#......@@.%.......
#.###.###....###.#
#.# #.# #.....# #.#
#.# ##...## #.# #.#
.....
####.###†####..####
#....^.........#
#..#.###.#####+#
#..#.# #.#


You could see Edmund.

Vanquished Creatures
  The ghost of monobi the Sneak, an average OpMo (D:4)
  2 ogres
  A scorpion (D:5)
  5 orc priests
  A hound (D:4)
  2 orc wizards
  A worker ant (D:4)
  Ijyb (D:4)
  A worker ant zombie (D:4)
  5 gnolls
  6 adders
  A giant mite (D:1)
  An adder skeleton (D:4)
  A giant gecko (D:4)
  An ooze (D:2)
  14 orcs
  5 bats
  A bat skeleton (D:4)
  4 giant cockroaches
  14 goblins
  7 hobgoblins
  2 quokkas
  2 ball pythons (D:1)
  9 giant newts
  6 jackals (D:4)
  11 kobolds
  A quokka skeleton (D:4)
  11 rats
117 creatures vanquished.

Vanquished Creatures (others)
  A kobold (D:3)
  A giant spore (D:4)
2 creatures vanquished.

Grand Total: 119 creatures vanquished

Notes
Turn   | Place    | Note
--------------------------------------------------------------
     0 | D:1      | monobi, the Octopode Monk, began the quest for the Orb.
     0 | D:1      | Reached XP level 1. HP: 16/16 MP: 1/1
   294 | D:1      | Reached XP level 2. HP: 21/21 MP: 2/2
   494 | D:1      | Reached XP level 3. HP: 26/26 MP: 3/3
   811 | D:2      | Found a stormy altar of Qazlal.
  1084 | D:3      | Reached skill level 5 in Unarmed Combat
  1084 | D:3      | Reached XP level 4. HP: 31/31 MP: 4/4
  1209 | D:3      | Reached XP level 5. HP: 11/36 MP: 5/5
  1603 | D:3      | Reached skill level 5 in Stealth
  1608 | D:3      | Reached XP level 6. HP: 19/43 MP: 6/6
  2034 | D:3      | Found a stormy altar of Qazlal.
  2362 | D:3      | Reached skill level 6 in Stealth
  2821 | D:4      | Found Ciusiab's Distillery.
  3050 | D:4      | Reached skill level 7 in Stealth
  3050 | D:4      | Reached XP level 7. HP: 34/48 MP: 7/7
  3137 | D:3      | HP: 2/48 [giant cockroach (1)]
  3854 | D:4      | Found an ancient bone altar of Kikubaaqudgha.
  4229 | D:4      | Noticed monobi's ghost (average OpMo)
  4251 | D:4      | Killed monobi's ghost
  4296 | D:4      | Noticed Ijyb
  4312 | D:4      | Killed Ijyb
  5060 | D:5      | Entered Level 5 of the Dungeon
  5082 | D:5      | Noticed Edmund
  5105 | D:5      | Slain by Edmund

Action                   |  1- 3 |  4- 6 |  7- 9 || total
-------------------------+-------+-------+-------++-------
Melee: Unarmed           |    50 |   100 |   119 ||   269
  Use: Scroll            |     1 |       |     3 ||     4
       Potion            |       |     3 |     2 ||     5
 Stab: Sleeping          |    11 |    11 |     4 ||    26
       Distracted        |       |     1 |       ||     1
  Eat: Chunk             |       |     1 |     3 ||     4
       Meat ration       |       |     1 |       ||     1
       Beef jerky        |       |     1 |       ||     1
       Fruit             |       |       |     1 ||     1
       Pizza             |       |       |     1 ||     1
